 Dungeon Crawl Stone Soup version 0.24.0-123-gd5b16e6ec5 (webtiles) character file.

Game seed: 8731489906235315032, levelgen mode: deterministic

224 FishyPogo the Shield-Bearer (level 5, 0/42 HPs)
             Began as a Demonspawn Fighter on Jan 27, 2020.
             Slain by a hound (4 damage)
             ... on level 6 of the Dungeon.
             The game lasted 00:05:53 (1822 turns).

FishyPogo the Shield-Bearer (Demonspawn Fighter)    Turns: 1822, Time: 00:05:54

Health: 0/42       AC:  9    Str: 17    XL:     5   Next: 67%
Magic:  14/14      EV:  7    Int:  9    God:
Gold:   141        SH:  9    Dex: 13    Spells: 3/4 levels left

rFire    . . .     SeeInvis .   a - +0 war axe
rCold    + . .     Gourm    .   c - +0 shield
rNeg     . . .     Faith    .   b - +0 scale mail
rPois    .         Spirit   .   (no helmet)
rElec    .         Reflect  .   (no cloak)
rCorr    .         Harm     .   (no gloves)
MR       .....                  (no boots)
Stlth    ..........             m - amulet of rage
HPRegen  0.14/turn              j - ring of magical power
MPRegen  0.14/turn              (no ring)

@: no status effects
A: icy blue scales 1, cold resistance 1, powered by death 1
a: Evoke Berserk Rage


You were on level 6 of the Dungeon.
You were not hungry.

You visited 1 branch of the dungeon, and saw 6 of its levels.

You collected 141 gold pieces.

Inventory:

Hand Weapons
 a - a +0 war axe (weapon)
Missiles
 h - 55 stones (quivered)
Armour
 b - a +0 scale mail (worn)
 c - a +0 shield (worn)
Jewellery
 j - a ring of magical power (left hand)
 m - an amulet of rage (around neck)
Scrolls
 o - a scroll of remove curse {unknown}
 q - 2 scrolls of enchant weapon {unknown}
 r - 2 scrolls of identify {unknown}
 t - a scroll of teleportation {unknown}
Potions
 d - a potion of might
 e - a potion of invisibility
 g - a potion of cancellation {unknown}
 i - a potion of agility
 k - a potion of curing
 l - a potion of flight
 n - a potion of degeneration {unknown}
Comestibles
 f - 6 rations
 p - a chunk of flesh


   Skills:
 + Level 4.0 Fighting
 - Level 2.0 Axes
 + Level 3.7 Armour
 * Level 4.5 Shields
 * Level 0.0 Charms


You had 3 spell levels left.
You knew the following spells:

 Your Spells              Type           Power        Failure   Level  Hunger
y - Infusion              Chrm           #...         99%         1    ##.....

Your spell library contained the following spells:

 Spells                   Type           Power        Failure   Level  Hunger


Dungeon Overview and Level Annotations

Branches:
Dungeon (6/15)
 Temple: D:4-7

Altars:
Sif Muna

Annotations:
D:4 Menkaure


Innate Abilities, Weirdness & Mutations

You are partially covered in icy blue scales. (AC +2)
Your flesh is cold resistant. (rC+)
You regenerate a little health from kills.


Message History

The black bear claws you but does no damage.
The hound bites you but does no damage.
You slash the orc!
You kill the orc!
You hit the black bear but do no damage.
You closely miss the hound. The hound bites you.
* * * LOW HITPOINT WARNING * * *
The black bear bites you but does no damage.
You block the black bear's attack. x2; The hound bites you.
* * * LOW HITPOINT WARNING * * *
You slash the scorpion!
The scorpion is heavily wounded.
You completely miss the hound. You closely miss the black bear.
The hound bites you.
* * * LOW HITPOINT WARNING * * *
The black bear bites you but does no damage.
The black bear barely misses you. The black bear claws you.
* * * LOW HITPOINT WARNING * * *
The hound bites you.
You die...

######
######......
#)..........
#.........?.
#....h......
#...@h......
#....s......
#...........
#........###
#........#
#..........
+...........
#...........


You could see a black bear, a scorpion and a hound.

Vanquished Creatures
  A scorpion (D:4)
  3 orc wizards
  An iguana (D:4)
  A worker ant (D:4)
  2 adders (D:4)
  An ooze (D:4)
  An adder skeleton (D:4)
  7 orcs
  A giant cockroach (D:3)
  7 goblins
  3 hobgoblins
  A quokka (D:4)
  A ball python (D:3)
  A ball python skeleton (D:4)
  2 bats
  2 frilled lizards
  A giant cockroach zombie (D:6)
  2 kobolds
  5 rats
43 creatures vanquished.

Notes
Turn   | Place    | Note
-------+----------+-------------------------------------------
     0 | D:1      | FishyPogo the Demonspawn Fighter began the quest for the
                  | Orb.
     0 | D:1      | Reached XP level 1. HP: 18/18 MP: 1/1
   161 | D:2      | Gained mutation: You regenerate a little health from kills.
                  | [demonic ancestry]
   161 | D:2      | Reached XP level 2. HP: 24/24 MP: 2/2
   483 | D:4      | Noticed a scorpion
   498 | D:4      | Killed a scorpion
   498 | D:4      | Gained mutation: You are partially covered in icy blue
                  | scales. (AC +2) [demonic ancestry]
   498 | D:4      | Reached XP level 3. HP: 19/29 MP: 3/3
   498 | D:4      | Reached XP level 4. HP: 22/35 MP: 4/4
  1122 | D:4      | Gained mutation: Your flesh is cold resistant. (rC+)
                  | [demonic ancestry]
  1122 | D:4      | Reached XP level 5. HP: 10/42 MP: 5/5
  1443 | D:4      | Noticed Menkaure
  1527 | D:5      | Entered Level 5 of the Dungeon
  1528 | D:5      | Found a shimmering blue altar of Sif Muna.
  1797 | D:5      | Identified Sif Muna's Reference Book on Enhancements
  1807 | D:5      | Learned a level 1 spell: Infusion
  1811 | D:6      | Noticed a black bear
  1822 | D:6      | Slain by a hound

Levels and vault maps discovered:
D:1:      dpeg_arrival_rooms_b, layout_loops_ring, minmay_pentomino_w4
D:2:      layout_loops_ring, chequers_ecumenical_altar_island, first_ration,
          kennysheep_generic_room_8
D:3:      layout_basic, fedhas_altar_4, uniq_sigmund, uniq_natasha
D:4:      layout_gridville, roderic_three_in_a_row, uniq_robin, uniq_pikel,
          uniq_menkaure
D:5:      layout_loops_ring, gammafunk_temple_overflow_claw, led_sif_book
D:6:      minmay_polygon_palace, layout_basic, minmay_temple_entry_steel_oval

Skill      XL: |  1  2  3  4  5 |
---------------+----------------+-----
Axes           | 2 |  2.0
Shields        | 3 4 |  4.5
Armour         | 3 |  3.7
Fighting       | 4 |  4.0

Action                   |  1- 3 |  4- 6 || total
-------------------------+-------+-------++-------
Melee: War axe           |    48 |    90 ||   138
Throw: Stone             |       |    20 ||    20
  Use: Potion            |     3 |     2 ||     5
       Scroll            |       |     1 ||     1
 Stab: Invisible         |     1 |       ||     1
  Eat: Chunk             |       |     3 ||     3
Armor: Scale mail        |    23 |    75 ||    98
Dodge: Dodged            |    22 |    51 ||    73
Block: Shield            |    20 |    73 ||    93
